 Dungeon Crawl Stone Soup version 0.23.1 (webtiles) character file.

Game seed: 6833537265874935814

18457 Chiseanne the Fighter (level 12, -5/88 HPs)
             Began as an Octopode Monk on Mar 4, 2019.
             Was an Initiate of Gozag.
             Slain by a bone dragon (11 damage)
             ... on level 1 of the Abyss.
             The game lasted 00:31:42 (10972 turns).

Chiseanne the Fighter (Octopode Monk)              Turns: 10972, Time: 00:31:42

Health: -5/88      AC:  5    Str: 16    XL:     12   Next: 58%
Magic:  0/35       EV: 24    Int: 14    God:    Gozag
Gold:   1231       SH:  9    Dex: 31    Spells: 28/31 levels left

rFire    . . .     SeeInvis .   w - +11 short sword of Wuijadef {holy, Fragile rPois Dex+10 Stlth+}
rCold    . . .     Gourm    .   W - +2 buckler
rNeg     + . .     Faith    .   (helmet restricted)
rPois    +         Spirit   +   d - amulet of guardian spirit (curse)
rElec    .         Reflect  .   h - ring of magical power
rCorr    .         Harm     .   o - ring of positive energy
MR       .....                  t - +4 ring of protection
Stlth    +++++.....             C - +4 ring of dexterity
HPRegen  0.24/turn              (no ring)
MPRegen  0.24/turn              (no ring)
                                (no ring)
                                (no ring)

@: mighty, lightly drained
A: almost no armour, stealthy swim, amphibious, 8 rings, constrict 8, camouflage
1, gelatinous body 1
a: Potion Petition, Call Merchant, Bribe Branch, Renounce Religion


You were on level 1 of the Abyss.
You worshipped Gozag.
Gozag was most pleased with you.
You were not hungry.

You visited 2 branches of the dungeon, and saw 12 of its levels.
You visited the Abyss 1 time.
You also visited: Sewer and Ossuary.

You collected 1685 gold pieces.
You paid 454 gold pieces to Gozag.

Inventory:

Hand Weapons
 a - a +5 quarterstaff of chaos
 v - a cursed +2 scimitar
 w - the +11 short sword of Wuijadef (weapon) {holy, Fragile rPois Dex+10 Stlth+}
   (You found it on level 4 of the Dungeon)

   It has been blessed by the Shining One to cause great damage to the undead
   and demons.
   It affects your dexterity (+10).
   It protects you from poison.
   It will be destroyed if unequipped.
   It makes you more stealthy.
 N - a +1 trident of protection
 Q - a +2 dagger of venom
 U - a +7 spear
 Y - a cursed +4 flail of freezing
Missiles
 c - 11 tomahawks (quivered)
 e - 168 arrows
 g - 100 sling bullets
 k - 230 stones
 p - 35 poisoned needles
 F - 40 bolts
 O - 3 needles of sleeping
 P - 4 throwing nets
Armour
 W - a +2 buckler (worn)
Magical Staves
 D - an uncursed staff of poison {unknown}
 V - an uncursed staff of air
Jewellery
 d - a cursed amulet of guardian spirit (around mantle)
 h - a ring of magical power (left tentacle)
 o - a ring of positive energy (right tentacle)
 t - a +4 ring of protection (on tentacle)
 C - a +4 ring of dexterity (on tentacle)
 J - a +2 amulet of reflection {unknown}
 M - a +5 ring of slaying {unknown}
 T - an uncursed ring of see invisible {unknown}
Wands
 s - a wand of acid (16)
 E - a wand of disintegration (12)
 G - a wand of polymorph (24)
 X - a wand of iceblast (6)
Scrolls
 i - 3 scrolls of magic mapping
 j - 4 scrolls of blinking
 r - 4 scrolls of fog
 u - 2 scrolls of remove curse
 H - a scroll of fear
 K - 2 scrolls of amnesia
 L - 5 scrolls of immolation
 R - 2 scrolls of enchant weapon
 S - 5 scrolls of identify
Potions
 f - 7 potions of curing
 l - a potion of cancellation {unknown}
 m - 2 potions of agility
 n - 3 potions of brilliance
 q - 3 potions of magic
 x - 2 potions of ambrosia
 z - a potion of invisibility
 A - 4 potions of might
 I - a potion of flight {unknown}
Comestibles
 b - 13 rations


   Skills:
 * Level 10.5(10.1) Fighting
   Level 3.0(2.6) Axes
 - Level 9.4(9.0) Dodging
 - Level 2.6(2.3) Stealth
 * Level 4.6(4.3) Shields
 * Level 10.2(9.9) Spellcasting
 * Level 4.7(4.4) Hexes
 - Level 7.3(7.0) Evocations


You had 28 spell levels left.
You knew the following spells:

 Your Spells              Type           Power        Failure   Level  Hunger
a - Confuse               Hex            ###.....     5%          3    #......

Your spell library contained the following spells:

 Spells                   Type           Power        Failure   Level  Hunger
 Confusing Touch          Hex            ###...       1%          1    None
 Magic Dart               Conj           #...         11%         1    None
 Dazzling Spray           Conj/Hex       ##....       13%         3    #......
 Searing Ray              Conj           #.....       16%         2    None
 Call Canine Familiar     Summ           #.......     32%         3    #......
 Gell's Gravitas          Tloc           #.........   32%         3    #......
 Fulminant Prism          Conj/Hex       ##........   38%         4    ###....
 Force Lance              Conj/Tloc      #.......     71%         4    ###....
 Iskenderun's Mystic Bla  Conj           #.......     71%         4    ###....
 Petrify                  Tmut/Erth      #.......     71%         4    ###....
 Metabolic Englaciation   Hex/Ice        ##........   75%         5    #####..
 Yara's Violent Unravell  Hex/Tmut       ##........   75%         5    #####..
 Shadow Creatures         Summ           N/A          100%        6    ######.
 Dragon Form              Tmut           #.........   100%        7    #######


Dungeon Overview and Level Annotations

Branches:
Dungeon (11/15)            Temple (1/1) D:6            Lair (0/6) D:8
    Orc (0/2) D:9

Altars:
Ashenzari
Cheibriados
Elyvilon
Fedhas
Gozag
Hepliaklqana
Kikubaaqudgha
Makhleb
Nemelex Xobeh
Qazlal
Sif Muna
Trog
Uskayaw
Vehumet
Wu Jian
Xom
Yredelemnul
Zin
The Shining One
Beogh

Shops:
D:7 %   D:9 *:   D:11 (*:[

Annotations:
D:8 1 runed translucent door, Melestara's ghost, novice FoAK
D:9 3 runed translucent doors, exclusion: obsidian statue, Banto's ghost, novice OpEE
D:11 Sonja


Innate Abilities, Weirdness & Mutations

You cannot wear most types of armour.
You are very stealthy in the water. (Stealth+)
You are amphibious.
You can wear up to eight rings at the same time.
You can use your tentacles to constrict eight enemies at once.
Your skin changes colour to match your surroundings (Stealth+).
Your rubbery body absorbs attacks. (AC +1, EV +1)


Message History

The bone dragon completely misses you.
The bone dragon claws you but does no damage.
The bone dragon tramples you.
* * * LOW HITPOINT WARNING * * *
You hold your ground!
A large abomination comes into view.
The large abomination moves out of view.
You feel a little less agile now.
You puncture the large abomination!
The large abomination convulses.
You squeeze the large abomination!
The large abomination is heavily damaged.
The bone dragon bites you!!
* * * LOW HITPOINT WARNING * * *
The bone dragon misses you. The bone dragon completely misses you.
You block the large abomination's attack.
You hit the large abomination.
The large abomination convulses.
The large abomination is heavily damaged.
The bone dragon misses you. The bone dragon claws you!
You die...
Your body crumbles into a pile of gold.

#. #. #. .#
## #.
#.###.#.##
#....X..#
##@#.#
##..D##
#...#.####
#..#.....##
#. #.
###.#.##..#
..# #.
#####
.#...... ..
#.## ##.#
.## ##...
#.#.## ..
....# .
.#.. #..#.
...###


You could see a bone dragon and a large abomination.

Vanquished Creatures
  Erolcha (D:10)
  A two-headed ogre (D:11)
  A glowing orange brain (Abyss:1)
  2 manticores (D:11)
  An ugly thing (D:8)
  A centaur zombie (D:10)
  An orange demon (Abyss:1)
  A troll (D:11)
  2 hippogriffs (D:11)
  A wyvern (D:9)
  7 yaks
  Grum (D:10)
  Sigmund (D:4)
  2 orc warriors
  3 small abominations (Abyss:1)
  5 sky beasts
  3 ice beasts
  A black bear (D:6)
  3 wolves (D:10)
  2 necrophages
  2 centaurs
  2 ogres
  2 elf zombies (Ossuary)
  A big kobold (D:11)
  6 bullfrogs
  A gnoll sergeant (D:10)
  2 wyvern skeletons
  3 scorpions
  7 wights
  A howler monkey (D:7)
  4 crimson imps
  6 orc priests
  A bullfrog zombie (D:9)
  Crazy Yiuf (D:3)
  3 hounds
  An iron imp (Abyss:1)
  2 jellies
  15 orc wizards
  A bullfrog skeleton (D:11)
  2 centaur skeletons
  2 human zombies (Ossuary)
  An iguana (D:4)
  9 worker ants
  A hound zombie (D:10)
  3 hound skeletons
  2 mummies (Ossuary)
  A worker ant zombie (D:7)
  5 gnolls
  A howler monkey skeleton (D:4)
  A river rat (Sewer)
  11 adders
  3 shadow imps
  An ooze (Sewer)
  2 adder skeletons
  5 leopard geckos
  46 orcs
  13 ball pythons
  2 giant cockroaches
  2 goblins (D:1)
  6 hobgoblins
  3 jackals (D:5)
  12 kobolds
  4 quokkas
  A ball python skeleton (D:4)
  A bat (D:3)
  2 frilled lizards
  2 goblin zombies (Ossuary)
  4 hobgoblin zombies (Ossuary)
  3 jackal zombies
  9 kobold zombies (Ossuary)
  14 orc zombies (Ossuary)
  A quokka zombie (D:8)
  30 rats
  3 rat zombies (Ossuary)
309 creatures vanquished.

Vanquished Creatures (others)
  A small abomination (Abyss:1)
  6 starspawn tentacles (Abyss:1)
  2 withered plants (D:8)
9 creatures vanquished.

Grand Total: 318 creatures vanquished

Notes
Turn   | Place    | Note
-------+----------+-------------------------------------------
     0 | D:1      | Chiseanne the Octopode Monk began the quest for the Orb.
     0 | D:1      | Reached XP level 1. HP: 16/16 MP: 1/1
   212 | D:1      | Reached XP level 2. HP: 20/21 MP: 2/2
  1027 | D:2      | Found an ancient bone altar of Kikubaaqudgha.
  1128 | D:2      | Reached XP level 3. HP: 26/26 MP: 3/3
  1176 | D:2      | Found a radiant altar of Vehumet.
  1510 | D:2      | Found a glowing golden altar of the Shining One.
  1646 | D:2      | Found a bloodstained altar of Trog.
  1883 | D:3      | Found a runed translucent door.
  1884 | D:3      | Noticed Crazy Yiuf
  1893 | D:3      | Killed Crazy Yiuf
  2124 | D:3      | Reached XP level 4. HP: 32/33 MP: 5/5
  2139 | D:3      | Found a sparkling altar of Nemelex Xobeh.
  2225 | D:3      | Reached skill level 1 in Spellcasting
  2443 | D:4      | Got a scorched short sword
  2446 | D:4      | Identified the +11 short sword of Wuijadef {holy, Fragile
                  | rPois Dex+10 Stlth+} (You found it on level 4 of the
                  | Dungeon)
  2468 | D:4      | Found a sand-covered staircase.
  2481 | Ossuary  | Entered an ossuary
  2582 | Ossuary  | Reached XP level 5. HP: 38/38 MP: 8/8
  2602 | Ossuary  | Reached XP level 6. HP: 34/44 MP: 9/9
  2699 | D:4      | Noticed Sigmund
  2707 | D:4      | Killed Sigmund
  2707 | D:4      | Reached skill level 5 in Fighting
  2707 | D:4      | Reached skill level 5 in Dodging
  2707 | D:4      | Reached XP level 7. HP: 43/50 MP: 11/11
  2772 | D:4      | Found a glowing drain.
  2785 | Sewer    | Entered a sewer
  3346 | D:4      | Reached XP level 8. HP: 57/57 MP: 14/14
  3665 | D:5      | Entered Level 5 of the Dungeon
  4121 | D:5      | Reached skill level 1 in Evocations
  4209 | D:5      | Found a shimmering altar of Xom.
  4758 | D:6      | You fall through a shaft!
  4769 | D:7      | Reached XP level 9. HP: 64/64 MP: 15/15
  4786 | D:7      | Found a stormy altar of Qazlal.
  5355 | D:6      | Found a staircase to the Ecumenical Temple.
  5366 | Temple   | Entered the Ecumenical Temple
  5452 | Temple   | Became a worshipper of Gozag Ym Sagoz the Greedy
  5719 | D:7      | Found a roughly hewn altar of Beogh.
  5838 | D:7      | Found Emebb's Food Shoppe.
  5873 | D:7      | Found a blossoming altar of Fedhas.
  6074 | D:7      | Reached skill level 5 in Evocations
  6530 | D:8      | Found a hide-covered altar of Uskayaw.
  6617 | D:8      | Found a runed translucent door.
  6617 | D:8      | Noticed Melestara's ghost (novice FoAK)
  6661 | D:8      | Found a staircase to the Lair.
  6668 | D:8      | Identified the Catalogue of Baldness
  6888 | D:8      | Noticed a purple ugly thing
  6900 | D:8      | Killed a purple ugly thing
  6900 | D:8      | Reached XP level 10. HP: 46/73 MP: 14/16
  7679 | D:9      | Found a white marble altar of Elyvilon.
  7684 | D:9      | Found a glowing silver altar of Zin.
  7685 | D:9      | Found a deep blue altar of Sif Muna.
  7854 | D:9      | Found a runed translucent gate.
  7854 | D:9      | Found a runed translucent gate.
  7854 | D:9      | Found an opulent altar of Gozag.
  7854 | D:9      | Noticed an obsidian statue
  7855 | D:9      | Found a runed translucent gate.
  7855 | D:9      | Found Elall's Assorted Antiques.
  7855 | D:9      | Noticed a yaktaur captain
  7855 | D:9      | Noticed Banto's ghost (novice OpEE)
  7991 | D:9      | Found a staircase to the Orcish Mines.
  8135 | D:10     | Entered Level 10 of the Dungeon
  8521 | D:10     | Learned a level 3 spell: Confuse
  8585 | D:10     | Reached skill level 1 in Shields
  8588 | D:10     | Reached skill level 1 in Hexes
  8725 | D:10     | Noticed Grum
  8741 | D:10     | Killed Grum
  8974 | D:10     | Reached skill level 5 in Spellcasting
  9008 | D:10     | Noticed Erolcha
  9018 | D:10     | Killed Erolcha
  9018 | D:10     | Reached XP level 11. HP: 79/79 MP: 19/19
  9085 | D:11     | Found Vegel's General Store.
  9098 | D:11     | Noticed a manticore
  9109 | D:11     | Killed a manticore
  9109 | D:11     | Reached skill level 10 in Fighting
  9256 | D:11     | Found Ymocsaon's Book Shoppe.
  9283 | D:11     | Noticed a manticore
  9312 | D:11     | Killed a manticore
  9498 | D:11     | Noticed a two-headed ogre
  9507 | D:11     | Killed a two-headed ogre
  9520 | D:11     | Found Gaclis's Antique Armour Shop.
  9618 | D:11     | Found Hyloo's Antique Weapon Boutique.
  9656 | D:11     | Reached skill level 10 in Spellcasting
  9656 | D:11     | Reached XP level 12. HP: 86/86 MP: 26/26
  9731 | D:11     | Noticed Sonja
  9736 | D:11     | Cast into level 1 of the Abyss (Sonja)
  9760 | Abyss:1  | Noticed a thrashing horror
  9791 | Abyss:1  | Noticed a purple very ugly thing
  9791 | Abyss:1  | Noticed a purple very ugly thing
  9807 | Abyss:1  | Noticed a starcursed mass
  9824 | Abyss:1  | Found a deep blue altar of Sif Muna.
  9866 | Abyss:1  | Noticed a tentacled starspawn
  9876 | Abyss:1  | Noticed a tentacled starspawn
  9951 | Abyss:1  | Noticed a bone dragon
 10000 | Abyss:1  | Noticed an ancient lich
 10157 | Abyss:1  | Noticed a bone dragon
 10262 | Abyss:1  | Noticed a tentacled starspawn
 10276 | Abyss:1  | Noticed a starcursed mass
 10280 | Abyss:1  | Noticed a starcursed mass
 10287 | Abyss:1  | Noticed a bone dragon
 10642 | Abyss:1  | Noticed a thrashing horror
 10799 | Abyss:1  | Found a runed translucent door.
 10832 | Abyss:1  | Noticed a tentacled starspawn
 10854 | Abyss:1  | Noticed an eidolon
 10885 | Abyss:1  | Noticed a bone dragon
 10952 | Abyss:1  | Noticed a thrashing horror
 10972 | Abyss:1  | Slain by a bone dragon

Skill      XL: |  1  2  3  4  5  6  7  8  9 10 11 |
---------------+----------------------------------+-----
Spellcasting   | 2 3 4 5 10 | 10.2
Fighting       | 4 5 6 7 8 9 10 | 10.5
Dodging        | 4 5 6 7 8 9 |  9.4
Evocations     | 3 6 7 |  7.3
Shields        | 2 4 |  4.6
Hexes          | 2 4 |  4.7
Axes           | |  3.0
Stealth        | |  2.6

Action                   |  1- 3 |  4- 6 |  7- 9 | 10-12 || total
-------------------------+-------+-------+-------+-------++-------
Melee: Hand axe          |    34 |       |       |       ||    34
       Constrict         |    13 |    17 |    52 |    37 ||   119
       Tentacles         |     9 |    15 |    64 |    97 ||   185
       Quarterstaff      |     2 |    13 |       |       ||    15
       Short sword       |       |    64 |   250 |   262 ||   576
Throw: Tomahawk          |       |       |     2 |       ||     2
Invok: Call Merchant     |       |       |       |     1 ||     1
Evoke: Wand              |       |       |     3 |     2 ||     5
  Use: Scroll            |     7 |     3 |    10 |    14 ||    34
       Potion            |       |       |     1 |     9 ||    10
 Stab: Sleeping          |     7 |    10 |    37 |    14 ||    68
       Distracted        |       |       |     1 |     7 ||     8
  Eat: Chunk             |     3 |     2 |    10 |       ||    15
       Ration            |       |       |     2 |     4 ||     6
Armor: Skin              |       |    12 |    39 |    27 ||    78
Dodge: Dodged            |    20 |    46 |   216 |   320 ||   602
Block: Buckler           |       |       |       |   116 ||   116
